 Dungeon Crawl Stone Soup version 0.21-a0-110-g8e1637b (webtiles) character file.

14 sagitran the Sneak (level 2, -1/13 HPs)
             Began as a Vine Stalker Enchanter on July 7, 2017.
             Slain by a gnoll
             ... wielding a +0 halberd
              (5 damage)
             ... on level 1 of the Dungeon.
             The game lasted 00:02:59 (336 turns).

sagitran the Sneak (Vine Stalker Enchanter)          Turns: 336, Time: 00:02:59

Health: -1/13      AC:  2    Str: 10    XL:     2   Next: 41%
Magic:  0/6        EV: 12    Int: 15    God:
Gold:   39         SH:  0    Dex: 14    Spells: 4/5 levels left

rFire    . . .     SeeInvis .   a - +1 dagger
rCold    . . .     Gourm    .   (no shield)
rNeg     + . .     Faith    .   b - +0 robe
rPois    .         Spirit   +   (no helmet)
rElec    .         Reflect  .   (no cloak)
rCorr    .         Harm     .   (no gloves)
MR       .....                  (no boots)
Stlth    +++.......             j - amulet of inaccuracy (curse)
HPRegen  0.04/turn              e - ring of positive energy (curse)
MPRegen  0.10/turn              (no ring)

@: no status effects
A: fangs 2, magic shield, antimagic bite, no potion heal 3, rot immunity
a: no special abilities


You were on level 1 of the Dungeon.
You were not hungry.

You visited 1 branch of the dungeon, and saw 2 of its levels.

You collected 39 gold pieces.

Inventory:

Hand Weapons
 a - a +1 dagger (weapon)
Armour
 b - a +0 robe (worn)
Jewellery
 e - a cursed ring of positive energy (left hand)
 j - a cursed amulet of inaccuracy (around neck)
Scrolls
 h - a scroll of teleportation {unknown}
 k - a scroll of enchant armour {unknown}
Potions
 g - a potion of heal wounds {unknown}
 i - a potion of cancellation {unknown}
Books
 c - a book of Maledictions

   Spells                             Type                      Level
   a - Corona                         Hexes                        1
   b - Ensorcelled Hibernation        Hexes/Ice                    2
   c - Confuse                        Hexes                        3
   d - Tukima's Dance                 Hexes                        3
   e - Dazzling Spray                 Conjuration/Hexes            3
Comestibles
 d - 2 bread rations
 f - 5 chunks of flesh


   Skills:
 + Level 1.1 Short Blades
 + Level 1.5 Dodging
 + Level 4.3 Stealth
 + Level 2.2 Spellcasting
 + Level 3.1 Hexes


You had 4 spell levels left.
You knew the following spells:

 Your Spells              Type           Power        Failure   Level  Hunger
a - Corona                Hex            ##.....      6%          1    #......


Dungeon Overview and Level Annotations

Branches:
Dungeon (2/15)

Altars:


Innate Abilities, Weirdness & Mutations

You have extremely sharp teeth.
When hurt, damage is shared between your health and your magic reserves.
Your bite disrupts and absorbs the magic of your enemies.
Potions cannot restore your health.
You are immune to rotting.


Message History

You hit the goblin. Your bite misses the goblin.
The goblin is almost dead.
The goblin hits you but does no damage.
A goblin comes into view. It is wielding a dagger.
You closely miss the goblin.
The goblin is almost dead.
The goblin hits you. The gnoll hits you but does no damage.
Some of the chunks of flesh in your inventory have rotted away.
You hit the goblin.
You kill the goblin!
The bat hits you.
The gnoll hits you from afar with a halberd.
You closely miss the bat. The bat hits you.
You closely miss the bat. The bat hits you. The bat barely misses you.
The gnoll closely misses you.
You hit the bat.
You kill the bat!
The goblin completely misses you.
The gnoll hits you from afar with a halberd!
You die...

#.### #.#i#
#.### #.#o#
# # #.### .#
.# ..#K# .
..# #####
.#...# #g#
###g..###
###
#@g...... .#
#.##.###. .#
#.# .# #.#
## #.# #
######.##..#
#
#..........+
#.##...#####
#.##.###


You could see a gnoll and a goblin.

Vanquished Creatures
  2 dart slugs (D:1)
  2 goblins (D:1)
  A ball python (D:1)
  2 bats (D:1)
  2 frilled lizards (D:1)
  3 rats (D:1)
12 creatures vanquished.

Notes
Turn   | Place    | Note
-------+----------+-------------------------------------------
     0 | D:1      | sagitran the Vine Stalker Enchanter began the quest for the Orb.
     0 | D:1      | Reached XP level 1. HP: 9/9 MP: 4/4
     0 | D:1      | Noticed a vampire
     0 | D:1      | Noticed a gargoyle
     3 | D:1      | Noticed a gargoyle
     5 | D:1      | Noticed a minotaur
     6 | D:1      | Noticed a vine stalker
     7 | D:1      | Noticed a centaur
     8 | D:1      | Noticed a draconian
    10 | D:1      | Noticed an elf
    10 | D:1      | Noticed a troll
    12 | D:1      | Noticed a centaur
    13 | D:1      | Noticed a spriggan
    19 | D:1      | Noticed a minotaur
    19 | D:1      | Noticed a dwarf
    21 | D:1      | Noticed a troll
    23 | D:1      | Noticed a centaur
    25 | D:1      | Noticed a spriggan
   213 | D:1      | Reached skill level 1 in Short Blades
   213 | D:1      | Reached skill level 4 in Stealth
   217 | D:1      | Reached XP level 2. HP: 13/13 MP: 6/6
   336 | D:1      | Slain by a gnoll

Vault maps used:
D:1:      shiori_arrival_whats_in_store_for_you, minmay_liquid_box

Skill      XL: |  1 |
---------------+----+-----
Short Blades   | 1 |  1.1
Stealth        | 4 |  4.3
Dodging        | |  1.5
Spellcasting   | |  2.2
Hexes          | |  3.1

Action                   || total
-------------------------++-------
Melee: Dagger            ||    28
       Bite              ||     1
 Stab: Sleeping          ||     6
Armor: Robe              ||     8
Dodge: Dodged            ||    14
